 Dungeon Crawl Stone Soup version 0.29.1 (webtiles) character file.

Game seed: 15578356564357732328

6057 qw the Severer (level 10, -2/91 HPs)
             Began as a Minotaur Berserker on Sept 13, 2022.
             Was an Elder of Trog.
             Killed from afar by an electric eel (9 damage)
             ... with a bolt of electricity
             ... on level 9 of the Dungeon.
             The game lasted 00:03:12 (9723 turns).

qw the Severer (Minotaur Berserker)                 Turns: 9723, Time: 00:03:12

Health: -2/91      AC: 17    Str: 32    XL:     10   Next: 57%
Magic:  9/9        EV:  9    Int:  6    God:    Trog [****..]
Gold:   490        SH:  0    Dex: 10    Spells: 9/9 levels left

rFire   + . .      SeeInvis .   Y - +0 war axe
rCold   . . .      Faith    .   (no shield)
rNeg    . . .      Spirit   .   o - +1 plate armour
rPois   .          Reflect  .   (helmet restricted)
rElec   .          Harm     .   (no cloak)
rCorr   +          Rampage  .   (no gloves)
Will    ++...                   f - +2 pair of boots
Stlth   ..........              c - amulet of the acrobat
HPRegen 0.25/turn               p - +6 ring of strength
MPRegen 0.11/turn               a - ring "Etaixu" {rF+ Will+ rCorr Int+2}

@: about to teleport, spiked, on berserk cooldown, slowed, very slow
A: horns 2, retaliatory headbutt, strong-willed 1
a: Renounce Religion, Berserk, Trog's Hand, Brothers in Arms


You were on level 9 of the Dungeon.
You worshipped Trog.
Trog was greatly pleased with you.
You visited 1 branch of the dungeon, and saw 9 of its levels.

You collected 490 gold pieces.


Innate Abilities, Weirdness & Mutations

You have a pair of horns on your head.
You reflexively headbutt those who attack you in melee.
You are strong-willed. (Will+)


   Skills:
 - Level 9.0 Fighting
 + Level 15.0 Axes
 - Level 3.9 Throwing
 - Level 7.1 Armour
 - Level 3.5 Dodging


You had 9 spell levels left.
You didn't know any spells.
Your spell library was empty.

Inventory:

Hand Weapons
 m - a +0 morningstar
 Y - a +0 war axe (weapon)
Missiles
 i - 16 boomerangs (quivered)
Armour
 f - a +2 pair of boots (worn)
 o - a +1 plate armour (worn)
 s - a +1 chain mail of fire resistance
Jewellery
 a - the ring "Etaixu" (right hand) {rF+ Will+ rCorr Int+2}
   (You acquired it on level 2 of the Dungeon)

   [ring of resist corrosion]

   Int:       It affects your intelligence (+2).
   rF:        It protects you from fire.
   rCorr:     It protects you from acid and corrosion.
   Will:      It increases your willpower.
 c - an amulet of the acrobat (around neck)
 e - the amulet of Sodwoiromn {Faith Fly Will- Dex+8}
   (You found it on level 9 of the Dungeon)

   [amulet of faith]

   It allows you to gain divine favour quickly.
   Dex:       It affects your dexterity (+8).
   Fly:       It grants you flight.
   Will:      It decreases your willpower.
 p - a +6 ring of strength (left hand)
 q - a ring of protection from cold
Scrolls
 b - a scroll of identify
 d - a scroll of fear {unknown}
 n - 3 scrolls of teleportation
Potions
 g - 2 potions of curing
 h - 2 potions of haste
 j - a potion of mutation
 l - 4 potions of heal wounds
 t - a potion of cancellation

Dungeon Overview and Level Annotations

Branches:
Dungeon (9/15)             Temple (0/1) D:7
   Lair: D:8-11         Orc: D:9-12

Altars:
Cheibriados
Dithmenos
Fedhas
Makhleb
Sif Muna
Trog
Vehumet

Shops:
D:7 *

Annotations:
D:7 3 runed translucent doors, qw's ghost, novice MiBe


Message History

Trog accepts your kill.
Your Fighting skill increases to level 9!
You enter the shallow water.
Moving in this stuff is going to be slow.
The barbed spikes dig painfully into your body as you move.
The electric eel shoots out a bolt of lightning at you!
The bolt of electricity hits you!
The electric eel shoots out a bolt of lightning at you!
The bolt of electricity hits you!
The barbed spikes dig painfully into your body as you move.
You feel a strong urge to attack something.
The electric eel shoots out a bolt of lightning at you!
The bolt of electricity misses you.
The barbed spikes dig painfully into your body as you move.
You closely miss the electric eel. You punch the electric eel!
The electric eel is heavily wounded.
You closely miss the electric eel. Your headbutt misses the electric eel.
The electric eel is heavily wounded.
The electric eel shoots out a bolt of lightning at you!
The bolt of electricity hits you.
You miss the electric eel.
The electric eel is heavily wounded.
You slash the electric eel!
You kill the electric eel!
Trog accepts your kill.
You hear a splash.
The electric eel shoots out a bolt of lightning at you!
The bolt of electricity hits you.
The barbed spikes dig painfully into your body as you move.
You are no longer berserk.
You are exhausted.
You feel yourself slow down.
9723 ||| READING 4 scrolls of teleportation.
As you read the scroll of teleportation, it crumbles to dust.
You feel strangely unstable.
The electric eel shoots out a bolt of lightning at you!
The bolt of electricity hits you!
The electric eel shoots out a bolt of lightning at you!
The bolt of electricity hits you!
You die...

..##...~^ ~~~~
~~~~~~~~~.7..... ...##
7~~~~~~~~~~~~~~~........
.<..#
~~~~~~~~~~~~~~~.........
....#
~~~~~~~~~~~~~~~.........
<...#
~~~S~~~~~~~~~~..####....
...##
~~~~~..~~~~~~~..#..#..##
..## ..
~~~~...~~~~~~...#..#..#.
''#...~
~~~....~~~~~~...#./#..#.
......~~
~~.....@~~~~....##'#..#'
.....~~~
~~......~~~~............
........
..........).............
........
..........).............
..P..~~~
~.......~~)~..........##
P.P.~~~~
........~~~~..........#
P...~~~~
........~~~~..........#
..P.~~~
........~~~~....#'##..##
P...~~
...###.~~~~....#..#....


You could see an electric eel.

Vanquished Creatures
  Pikel (D:7)
  Maggie (D:6)
  A kobold demonologist (D:9)
  A komodo dragon (D:7)
  A merfolk (D:9)
  Grinder (D:6)
  A hornet (D:7)
  Prince Ribbit (D:9)
  A wyvern (D:9)
  A hog (D:9)
  3 yaks (D:9)
  2 water moccasins
  2 orc warriors
  2 black bears (D:7)
  An ogre (D:5)
  A centaur (D:9)
  A lemure (D:7)
  3 phantoms
  2 kobold brigands (D:9)
  7 bullfrogs
  A gnoll sergeant (D:8)
  2 necrophages (D:5)
  4 scorpions
  3 wights (D:8)
  7 killer bees
  2 electric eels (D:9)
  A crimson imp (D:8)
  6 orc priests
  4 hounds
  A gnoll bouda (D:9)
  3 orc wizards
  An iguana (D:5)
  11 gnolls
  8 adders
  2 shadow imps (D:6)
  2 white imps (D:7)
  An ufetubus (D:6)
  2 worms
  3 dart slugs
  34 orcs
  7 ball pythons
  6 bats
  5 endoplasms
  2 giant cockroaches
  10 goblins
  5 hobgoblins
  2 jackals (D:4)
  2 quokkas
  4 frilled lizards
  21 kobolds
  7 rats
203 creatures vanquished.

Vanquished Creatures (others)
  69 plants
69 creatures vanquished.

Grand Total: 272 creatures vanquished

Notes
Turn   | Place    | Note
-------+----------+-------------------------------------------
     0 | D:1      | qw the Minotaur Berserker began the quest for the Orb.
     0 | D:1      | Reached XP level 1. HP: 19/19 MP: 0/0
     0 | D:1      | 0 ||| qw: Version: 0.1-a-119-g272c26d
     0 | D:1      | 0 ||| qw: Game counter: 11151
     0 | D:1      | 0 ||| qw: Always use a shield: true
     0 | D:1      | 0 ||| qw: Do Orc after D:15 true
     0 | D:1      | 0 ||| qw: Do second Lair branch before Depths: true
     0 | D:1      | 0 ||| qw: Lair rune preference: random
     0 | D:1      | 0 ||| qw: Plans: Normal
     0 | D:1      | 0 ||| PLANNING D:1-11
    94 | D:1      | Reached skill level 4 in Axes
   129 | D:1      | 129 ||| Stepping ~*~*~tactically~*~*~ (stealth).
   166 | D:1      | Reached XP level 2. HP: 26/26 MP: 1/1
   211 | D:1      | 211 ||| DROPPING +0 club.
   225 | D:1      | 225 ||| Stepping ~*~*~tactically~*~*~ (stealth).
   226 | D:1      | 226 ||| Stepping ~*~*~tactically~*~*~ (stealth).
  1043 | D:1      | 1043 ||| UPGRADING to +0 pair of boots.
  1048 | D:1      | 1048 ||| UPGRADING to +0 ring mail.
  1058 | D:1      | 1058 ||| DROPPING +0 animal skin.
  1059 | D:1      | 1059 ||| UPGRADING to +6 ring of intelligence.
  1060 | D:1      | 1060 ||| READING scroll labelled QIORPH KOMNA.
  1061 | D:1      | 1061 ||| READING scroll labelled DUQ XAUQONU.
  1062 | D:1      | 1062 ||| READING scroll labelled QUNIXTOOL.
  1063 | D:1      | 1063 ||| READING scroll labelled QUPRUR QYAQO.
  1064 | D:1      | 1064 ||| READING scroll labelled DUED XYHEGIC.
  1085 | D:2      | 1085 ||| STAIRDANCE
  1090 | D:1      | Reached skill level 5 in Axes
  1092 | D:2      | 1092 ||| STAIRDANCE
  1098 | D:2      | 1098 ||| STAIRDANCE
  1102 | D:1      | Reached ** piety under Trog
  1103 | D:1      | Reached XP level 3. HP: 25/31 MP: 2/2
  1165 | D:2      | 1165 ||| INVOKING Berserk.
  1297 | D:2      | 1297 ||| SWAPPING to +0 war axe.
  1298 | D:2      | 1298 ||| DROPPING +0 hand axe.
  1308 | D:2      | 1308 ||| DROPPING +1 vorpal hand axe.
  1492 | D:2      | Reached XP level 4. HP: 39/39 MP: 3/3
  1501 | D:2      | Reached skill level 6 in Axes
  1684 | D:2      | 1684 ||| READING scroll labelled OFYZYBA PIJU.
  1684 | D:2      | Identified a scroll of acquirement
  1684 | D:2      | 1684 ||| ACQUIRING ring "Etaixu" {rF+ Will+ rCorr Int+2}
  1684 | D:2      | Acquired the ring "Etaixu" {rF+ Will+ rCorr Int+2}
  1686 | D:2      | 1686 ||| UPGRADING to ring "Etaixu" {rF+ Will+ rCorr
                  | Int+2}.
  1687 | D:2      | 1687 ||| REMOVING +6 ring of intelligence.
  1688 | D:2      | 1688 ||| DROPPING +6 ring of intelligence.
  1689 | D:2      | 1689 ||| READING scroll labelled HOSCHO SOOTSEB.
  1729 | D:3      | 1729 ||| STAIRDANCE
  1808 | D:3      | Noticed a scorpion
  1815 | D:3      | 1815 ||| INVOKING Berserk.
  1817 | D:3      | Killed a scorpion
  1818 | D:3      | Reached skill level 7 in Axes
  1818 | D:3      | Reached XP level 5. HP: 19/45 MP: 4/4
  1819 | D:3      | HP: 15/67 [poisoned by a scorpion]
  1821 | D:3      | 1821 ||| INVOKING Trog's Hand.
  1822 | D:3      | HP: 7/45 [poisoned by a scorpion]
  2159 | D:3      | Found a bloodstained altar of Trog.
  2281 | D:3      | 2281 ||| Stepping ~*~*~tactically~*~*~ (stealth).
  2282 | D:3      | 2282 ||| Stepping ~*~*~tactically~*~*~ (stealth).
  2284 | D:3      | 2284 ||| Stepping ~*~*~tactically~*~*~ (stealth).
  2286 | D:3      | 2286 ||| Stepping ~*~*~tactically~*~*~ (hiding).
  2292 | D:3      | 2292 ||| INVOKING Berserk.
  2573 | D:3      | 2573 ||| UPGRADING to +0 chain mail.
  2583 | D:3      | 2583 ||| DROPPING +0 ring mail.
  2584 | D:3      | 2584 ||| READING scroll labelled IDWUTU VADA.
  3079 | D:4      | 3079 ||| INVOKING Berserk.
  3477 | D:4      | 3477 ||| Stepping ~*~*~tactically~*~*~ (hiding).
  3478 | D:4      | 3478 ||| Stepping ~*~*~tactically~*~*~ (hiding).
  3486 | D:4      | Reached skill level 8 in Axes
  3643 | D:4      | Reached XP level 6. HP: 42/52 MP: 5/5
  3724 | D:4      | 3724 ||| DROPPING +1 mace of holy wrath.
  3878 | D:4      | 3878 ||| UPGRADING to +0 plate armour.
  3888 | D:4      | 3888 ||| DROPPING +0 chain mail.
  3889 | D:4      | 3889 ||| DROPPING +2 chain mail of positive energy.
  3890 | D:4      | 3890 ||| UPGRADING to amulet of the acrobat.
  3895 | D:4      | 3895 ||| READING scroll labelled FUFIGRONWY.
  3896 | D:4      | 3896 ||| READING scroll labelled GACWUPN ZAILOAMULL.
  3897 | D:4      | 3897 ||| READING 3 scrolls labelled XUVOER EGYRGH.
  3898 | D:4      | 3898 ||| READING 2 scrolls of enchant armour.
  3898 | D:4      | 3898 ||| ENCHANTING +0 pair of boots.
  3899 | D:4      | 3899 ||| READING scroll of enchant armour.
  3899 | D:4      | 3899 ||| ENCHANTING +1 pair of boots.
  3920 | D:5      | Entered Level 5 of the Dungeon
  4037 | D:5      | 4037 ||| DROPPING +0 flail.
  4065 | D:5      | 4065 ||| Stepping ~*~*~tactically~*~*~ (stealth).
  4112 | D:5      | 4112 ||| Stepping ~*~*~tactically~*~*~ (stealth).
  4114 | D:5      | 4114 ||| Stepping ~*~*~tactically~*~*~ (stealth).
  4116 | D:5      | Reached *** piety under Trog
  4119 | D:5      | 4119 ||| Stepping ~*~*~tactically~*~*~ (stealth).
  4129 | D:5      | 4129 ||| Stepping ~*~*~tactically~*~*~ (stealth).
  4132 | D:5      | 4132 ||| INVOKING Berserk.
  4135 | D:5      | Reached skill level 9 in Axes
  4135 | D:5      | Reached XP level 7. HP: 59/59 MP: 6/6
  4222 | D:5      | 4222 ||| Stepping ~*~*~tactically~*~*~ (stealth).
  4345 | D:5      | 4345 ||| Stepping ~*~*~tactically~*~*~ (hiding).
  4346 | D:5      | 4346 ||| Stepping ~*~*~tactically~*~*~ (hiding).
  4419 | D:5      | Found a shadowy altar of Dithmenos.
  4579 | D:5      | Reached skill level 10 in Axes
  4638 | D:5      | Identified the +6 long sword of the Tired Realms {vorpal,
                  | rN+}
  4749 | D:5      | 4749 ||| UPGRADING to +6 ring of strength.
  4750 | D:5      | 4750 ||| DROPPING ring of resist corrosion.
  4751 | D:5      | 4751 ||| READING scroll labelled JANEPT IRPHISO.
  4892 | D:5      | 4892 ||| DRINKING 2 fizzy yellow potions.
  4893 | D:5      | 4893 ||| DRINKING 2 grey potions.
  4964 | D:6      | 4964 ||| READING scroll of enchant armour.
  4964 | D:6      | 4964 ||| ENCHANTING +0 plate armour.
  4989 | D:6      | Noticed Maggie
  4990 | D:6      | 4990 ||| Stepping ~*~*~tactically~*~*~ (hiding).
  4992 | D:6      | 4992 ||| Stepping ~*~*~tactically~*~*~ (hiding).
  5000 | D:6      | 5000 ||| INVOKING Berserk.
  5002 | D:6      | Killed Maggie
  5003 | D:6      | Reached skill level 3 in Throwing
  5003 | D:6      | Reached XP level 8. HP: 43/68 MP: 7/7
  5275 | D:6      | Noticed Grinder
  5276 | D:6      | 5276 ||| INVOKING Trog's Hand.
  5278 | D:6      | 5278 ||| INVOKING Berserk.
  5283 | D:6      | Killed Grinder
  5284 | D:6      | Reached skill level 6 in Fighting
  5571 | D:6      | Identified the +4 ring mail of the Blue Skies {Rampage
                  | +Blink rN+ Dex+2}
  5694 | D:6      | 5694 ||| DRINKING 2 black potions.
  5694 | D:6      | Gained mutation: You are strong-willed. (Will+) [potion of
                  | mutation]
  5695 | D:6      | 5695 ||| READING 6 scrolls of identify.
  5695 | D:6      | 5695 ||| IDENTIFYING metallic emerald potion
  5696 | D:6      | 5696 ||| READING 5 scrolls of identify.
  5696 | D:6      | 5696 ||| IDENTIFYING bubbling grey potion
  5697 | D:6      | 5697 ||| READING 4 scrolls of identify.
  5697 | D:6      | 5697 ||| IDENTIFYING sedimented sapphire potion
  5698 | D:6      | 5698 ||| READING 3 scrolls of identify.
  5698 | D:6      | 5698 ||| IDENTIFYING metallic purple potion
  5699 | D:6      | 5699 ||| READING 2 scrolls of identify.
  5699 | D:6      | 5699 ||| IDENTIFYING fizzy black potion
  5700 | D:6      | 5700 ||| DROPPING potion of invisibility.
  5701 | D:6      | 5701 ||| DROPPING potion of attraction.
  5702 | D:6      | 5702 ||| DROPPING potion of flight.
  5724 | D:7      | Found a runed translucent gate.
  5725 | D:7      | Found a runed translucent gate.
  5725 | D:7      | Noticed qw's ghost (novice MiBe)
  5726 | D:7      | Found a runed translucent gate.
  5816 | D:7      | 5816 ||| INVOKING Berserk.
  5939 | D:7      | 5939 ||| Stepping ~*~*~tactically~*~*~ (stealth).
  5940 | D:7      | 5940 ||| Stepping ~*~*~tactically~*~*~ (stealth).
  5942 | D:7      | 5942 ||| Stepping ~*~*~tactically~*~*~ (stealth).
  5943 | D:7      | 5943 ||| Stepping ~*~*~tactically~*~*~ (stealth).
  5944 | D:7      | 5944 ||| Stepping ~*~*~tactically~*~*~ (stealth).
  5945 | D:7      | 5945 ||| Stepping ~*~*~tactically~*~*~ (stealth).
  5946 | D:7      | 5946 ||| Stepping ~*~*~tactically~*~*~ (stealth).
  6091 | D:7      | Reached skill level 11 in Axes
  6101 | D:7      | 6101 ||| Stepping ~*~*~tactically~*~*~ (hiding).
  6107 | D:7      | 6107 ||| Stepping ~*~*~tactically~*~*~ (stealth).
  6221 | D:7      | Found a staircase to the Ecumenical Temple.
  6346 | D:7      | Noticed Pikel
  6348 | D:7      | 6348 ||| Stepping ~*~*~tactically~*~*~ (stealth).
  6352 | D:7      | 6352 ||| INVOKING Berserk.
  6356 | D:7      | Killed Pikel
  6357 | D:7      | Reached XP level 9. HP: 78/78 MP: 8/8
  6448 | D:7      | 6448 ||| Stepping ~*~*~tactically~*~*~ (stealth).
  6454 | D:7      | 6454 ||| INVOKING Berserk.
  6464 | D:7      | Noticed a komodo dragon
  6475 | D:7      | Killed a komodo dragon
  6476 | D:7      | Reached skill level 12 in Axes
  6591 | D:7      | Found a snail-covered altar of Cheibriados.
  6611 | D:7      | Found Utiraus's Gadget Gallery.
  6750 | D:7      | 6750 ||| INVOKING Berserk.
  6753 | D:7      | HP: 28/118 [poisoned by a hornet]
  6758 | D:7      | HP: 19/118 [poisoned by a hornet]
  7142 | D:7      | 7142 ||| INVOKING Berserk.
  7145 | D:7      | Reached skill level 13 in Axes
  7419 | D:7      | 7419 ||| READING scroll labelled VEABREC VENKAECITH.
  7436 | D:8      | 7436 ||| Stepping ~*~*~tactically~*~*~ (hiding).
  7742 | D:8      | Found a shimmering blue altar of Sif Muna.
  7801 | D:8      | Reached **** piety under Trog
  7896 | D:8      | 7896 ||| FLEEEEING.
  7897 | D:8      | 7897 ||| FLEEEEING.
  7898 | D:8      | 7898 ||| FLEEEEING.
  7904 | D:8      | 7904 ||| FLEEEEING.
  7905 | D:8      | 7905 ||| FLEEEEING.
  7906 | D:8      | 7906 ||| FLEEEEING.
  7907 | D:8      | 7907 ||| FLEEEEING.
  7908 | D:8      | 7908 ||| FLEEEEING.
  7909 | D:8      | 7909 ||| FLEEEEING.
  7910 | D:8      | 7910 ||| FLEEEEING.
  7911 | D:8      | 7911 ||| FLEEEEING.
  7912 | D:8      | 7912 ||| FLEEEEING.
  7913 | D:8      | 7913 ||| FLEEEEING.
  7914 | D:8      | 7914 ||| FLEEEEING.
  7915 | D:8      | 7915 ||| FLEEEEING.
  7918 | D:8      | 7918 ||| FLEEEEING.
  7919 | D:8      | 7919 ||| FLEEEEING.
  7920 | D:8      | 7920 ||| FLEEEEING.
  7921 | D:8      | 7921 ||| FLEEEEING.
  7922 | D:8      | 7922 ||| FLEEEEING.
  7923 | D:8      | 7923 ||| STAIRDANCE
  7998 | D:8      | 7998 ||| STAIRDANCE
  8053 | D:8      | Found a burning altar of Makhleb.
  8054 | D:8      | Found a radiant altar of Vehumet.
  8302 | D:8      | 8302 ||| INVOKING Berserk.
  8309 | D:8      | Reached XP level 10. HP: 88/88 MP: 9/9
  8510 | D:8      | Found a blossoming altar of Fedhas.
  8611 | D:9      | 8611 ||| Stepping ~*~*~tactically~*~*~ (stealth).
  8619 | D:9      | Noticed Prince Ribbit
  8632 | D:9      | Killed Prince Ribbit
  8634 | D:9      | 8634 ||| INVOKING Berserk.
  8732 | D:9      | Reached skill level 14 in Axes
  8740 | D:9      | 8740 ||| FLEEEEING.
  8741 | D:9      | 8741 ||| FLEEEEING.
  8755 | D:9      | Reached skill level 3 in Dodging
  8774 | D:9      | 8774 ||| FLEEEEING.
  8775 | D:9      | 8775 ||| FLEEEEING.
  8776 | D:9      | 8776 ||| FLEEEEING.
  8777 | D:9      | 8777 ||| FLEEEEING.
  8778 | D:9      | 8778 ||| FLEEEEING.
  8779 | D:9      | 8779 ||| FLEEEEING.
  8780 | D:9      | 8780 ||| FLEEEEING.
  8781 | D:9      | 8781 ||| FLEEEEING.
  8782 | D:9      | 8782 ||| FLEEEEING.
  8783 | D:9      | 8783 ||| STAIRDANCE
  8909 | D:9      | 8909 ||| STAIRDANCE
  9076 | D:9      | 9076 ||| INVOKING Berserk.
  9230 | D:9      | Identified the amulet of Sodwoiromn {Faith Fly Will- Dex+8}
  9241 | D:9      | 9241 ||| Stepping ~*~*~tactically~*~*~ (water).
  9400 | D:9      | 9400 ||| Stepping ~*~*~tactically~*~*~ (stealth).
  9474 | D:9      | Reached skill level 15 in Axes
  9680 | D:9      | 9680 ||| Stepping ~*~*~tactically~*~*~ (stealth).
  9682 | D:9      | 9682 ||| Stepping ~*~*~tactically~*~*~ (stealth).
  9707 | D:9      | 9707 ||| INVOKING Berserk.
  9715 | D:9      | Reached skill level 9 in Fighting
  9719 | D:9      | HP: 32/136 [electric eel/bolt of electricity (5)]
  9723 | D:9      | 9723 ||| READING 4 scrolls of teleportation.
  9723 | D:9      | HP: 7/91 [electric eel/bolt of electricity (11)]
  9723 | D:9      | Killed from afar by an electric eel

Levels and vault maps discovered:
D:1:      eino_arrival_tree_alley, layout_basic, serial_forest,
          infiniplex_forest_fountain, infiniplex_forest_lined_2,
          infiniplex_forest_straight_2, infiniplex_forest_lined_corner,
          infiniplex_forest_zigzag_2, infiniplex_forest_straight_2,
          infiniplex_forest_clump_medium, infiniplex_forest_clump_C,
          serial_bayou_lagoon_a
D:2:      layout_rooms, kennysheep_generic_room_5
D:3:      layout_basic, trog_hazing_becter
D:4:      layout_basic, kennysheep_cross_bottleneck
D:5:      layout_basic, marbit_many_paths, corexii_leaking_fountain,
          minmay_fractal_squares_5
D:6:      layout_basic, minmay_misc_feat_doors, uniq_maggie, uniq_grinder
D:7:      layout_loops_ring, kennysheep_slug_shrine, temple_pool_b,
          gammafunk_ghost_split, hangedman_decor_diamond_cutter,
          nicolae_shop_gadgets, uniq_pikel
D:8:      layout_cave_pools, grunt_temple_overflow_lords_of_destruction,
          fedhas_ov_isle_minmay, lemuel_tele_altar
D:9:      kennysheep_town, uniq_prince_ribbit1

Skill      XL: |  1  2  3  4  5  6  7  8  9 10 |
---------------+-------------------------------+-----
Axes           | 4 5 7 8 9 10 11 13 15 | 15.0
Fighting       | 4 5 6 8 9 |  9.0
Armour         | 4 7 |  7.1
Throwing       | 3 |  3.9
Dodging        | 3 |  3.5

Action                   |  1- 3 |  4- 6 |  7- 9 | 10-12 || total
-------------------------+-------+-------+-------+-------++-------
Melee: Hand axe          |    63 |       |       |       ||    63
       Headbutt          |    13 |    13 |    40 |     8 ||    74
       Punch             |     1 |     1 |     1 |     2 ||     5
       War axe           |     7 |   128 |   201 |    84 ||   420
Throw: Boomerang         |       |     3 |    41 |    19 ||    63
Invok: Berserk           |     1 |     4 |     8 |     3 ||    16
       Trog's Hand       |       |     1 |     1 |       ||     2
  Use: Scroll            |     5 |     8 |     8 |     1 ||    22
       Potion            |       |       |     3 |       ||     3
Armor: Animal skin       |     5 |       |       |       ||     5
       Ring mail         |     9 |    12 |       |       ||    21
       Chain mail        |       |    36 |       |       ||    36
       Plate armour      |       |    28 |    97 |    44 ||   169
Dodge: Dodged            |    43 |    45 |    91 |    45 ||   224

Table legend:
 A = Non-vault XP
 B = Vault XP
 C = Vault XP percentage of total XP
 D = Non-vault monster count
 E = Vault monster count
 F = Vault count percentage of total count
                 A         B        C        D         E       F
            +---------+---------+-------+---------+---------+-------
      Total |    5008 |    3646 |  42.1 |     170 |      32 |  15.8
            +---------+---------+-------+---------+---------+-------
        D:1 |      41 |       0 |   0.0 |      28 |       0 |   0.0
        D:2 |      64 |      13 |  16.9 |      14 |       1 |   6.7
        D:3 |     150 |      10 |   6.2 |      15 |       6 |  28.6
        D:4 |     104 |       0 |   0.0 |      19 |       0 |   0.0
        D:5 |     647 |     211 |  24.6 |      23 |       7 |  23.3
        D:6 |     203 |     681 |  77.0 |       8 |       2 |  20.0
        D:7 |    1859 |     633 |  25.4 |      24 |       2 |   7.7
        D:8 |     882 |      48 |   5.2 |      20 |       1 |   4.8
        D:9 |    1058 |    2050 |  66.0 |      19 |      13 |  40.6
            +---------+---------+-------+---------+---------+-------
